 Dungeon Crawl Stone Soup version 0.28-a0-1184-g53156a8862 (webtiles) character file.

Game seed: 9281572829355802868

4241 lonewolfV2 the Spear-Bearer (level 10, -11/129 HPs)
             Began as a Black Draconian Berserker on Dec 17, 2021.
             Was an Elder of Trog.
             Mangled by a Hell Sentinel (32 damage)
             ... on level 1 of the Abyss.
             The game lasted 00:22:00 (8425 turns).

lonewolfV2 the Spear-Bearer (DrBe)                  Turns: 8425, Time: 00:22:01

Health: -11/129    AC:  7    Str: 25    XL:     10   Next: 9%
Magic:  10/10      EV: 16    Int:  7    God:    Trog [****..]
Gold:   620        SH:  0    Dex: 20    Spells: 9/9 levels left

rFire   . . .      SeeInvis +   g - +4 spear of Division {chaos, Dex+4}
rCold   . . .      Faith    .   (no shield)
rNeg    . . .      Spirit   .   (armour unavailable)
rPois   .          Reflect  .   (helmet restricted)
rElec   +          Harm     .   (no cloak)
rCorr   .          Rampage  .   (no gloves)
Will    .....                   (no boots)
Stlth   ..........              (no amulet)
HPRegen 0.31/turn               c - +6 ring of dexterity
MPRegen 0.12/turn               t - ring of see invisible

@: berserking, very quick
A: breathe lightning, AC +7, unfitting armour, electricity resistance,
cold-blooded
a: Breathe Lightning, Renounce Religion, Berserk, Trog's Hand, Brothers in Arms


You were on level 1 of the Abyss.
You worshipped Trog.
Trog was greatly pleased with you.
You visited 1 branch of the dungeon, and saw 9 of its levels.
You visited the Abyss 1 time.

You collected 1228 gold pieces.
You spent 608 gold pieces at shops.

Inventory:

Hand Weapons
 a - a +0 hand axe
 d - a +3 great sword of flaming
 e - a +0 short sword of electrocution
 g - the +4 spear of Division (weapon) {chaos, Dex+4}
   (You bought it in a shop on level 1 of the Dungeon)

   Each time it hits an enemy it has a different, random effect.
   Dex:       It affects your dexterity (+4).
 h - a +2 vampiric hand axe
Jewellery
 c - a +6 ring of dexterity (left hand)
 f - a ring of willpower
 j - a ring of resist corrosion
 k - a ring of protection from fire
 l - a ring of positive energy
 t - a ring of see invisible (right hand)
Wands
 i - a wand of acid (7) (quivered)
 p - a wand of digging (9)
 r - a wand of flame (11)
 u - a wand of polymorph (5)
 v - a wand of mindburst (7)
 B - a wand of iceblast (11)
Scrolls
 n - 2 scrolls of identify
 o - 2 scrolls of teleportation
 q - a scroll of acquirement
Potions
 b - 2 potions of magic
 s - a potion of attraction
 x - a potion of flight


   Skills:
 + Level 7.4 Fighting
 + Level 0.4(1.8) Short Blades
 + Level 2.8(2.9) Long Blades
 + Level 4.2(7.0) Axes
 + Level 8.8(9.3) Polearms
 + Level 6.6 Dodging
 + Level 5.8 Stealth


You had 9 spell levels left.
You didn't know any spells.
Your spell library was empty.

Dungeon Overview and Level Annotations

Branches:
Dungeon (9/15)             Temple (0/1) D:6
   Lair: D:8-11         Orc: D:9-12

Altars:
Hepliaklqana
Makhleb
Nemelex Xobeh

Shops:
D:1 (   D:7 !

Annotations:
D:5 2 transporters
D:6 2 transporters, ytrimaz's ghost, amateur OpTm
D:9 Psyche


Innate Abilities, Weirdness & Mutations

You can breathe wild blasts of lightning.
Your glossy black scales are hard. (AC +7)
You cannot fit into any form of body armour.
You are resistant to electric shocks. (rElec)
You are cold-blooded and may be slowed by cold attacks.


Message History

You now have 620 gold pieces (gained 17).
Found a leather armour and a scroll of identify.
You start resting.
You recover from your berserk rage.
You start resting.
You are suddenly pulled into a different region of the Abyss!
Found a corrupted altar of Lugonu.
You start resting.
A Hell Sentinel comes into view.
Found a potion of attraction.
Found a leather armour.
Reach: g) +4 spear of Division {chaos, Dex+4}
Press: ? - help, Dir - move target, f - Hell Sentinel
Aim: a Hell Sentinel (wandering, hasn't noticed you, about 10% to evade the +4 spear of Division)
You reach to attack!
The Hell Sentinel roars!
You hit the Hell Sentinel but do no damage.
The Hell Sentinel seems to grow stronger.
The Hell Sentinel gestures at you. The iron shot hits you!
Reach: g) +4 spear of Division {chaos, Dex+4}
Press: ? - help, Dir - move target, f/p - Hell Sentinel
Aim: a Hell Sentinel (strong, about 10% to evade the +4 spear of Division)
You reach to attack!
You hit the Hell Sentinel but do no damage.
Reach: g) +4 spear of Division {chaos, Dex+4}
Press: ? - help, Dir - move target, f/p - Hell Sentinel
Aim: a Hell Sentinel (strong, about 10% to evade the +4 spear of Division)
You hit the Hell Sentinel but do no damage.
You tail-slap the Hell Sentinel, but do no damage.
You fail to use your ability.
The Hell Sentinel gestures at you.
The sphere of damnation explodes!
The damnation engulfs you!!!
* * * LOW HITPOINT WARNING * * *
The damnation engulfs the Hell Sentinel.
The Hell Sentinel completely resists.
A red film seems to cover your vision as you go berserk!
You feel yourself moving faster!
You feel mighty! The Hell Sentinel closely misses you.
The Hell Sentinel hits you!!
You die...

.... . ........ . ..
...._........... . ...
#......##........
......#
......##........
.......
................ ...
................!## ..
. .................#
.............1.......
... ............@.....#
.......................
.
....##......##........
... .#.#.. .....#...
..#. ........###....#
.. . ...##.#.# ##.##.#
. #..# ##### [. .# ..
... .


You could see a Hell Sentinel (strong).

Vanquished Creatures
  Erica (D:8)
  A cyclops (D:9)
  Maurice (D:9)
  Prince Ribbit (D:5)
  A wraith (D:9)
  Sigmund (D:3)
  Grum (D:9)
  Menkaure (D:5)
  An orc warrior (D:9)
  A sky beast (D:7)
  Pargi (D:3)
  2 ice beasts (D:5)
  2 ogres
  4 wolves (D:9)
  4 centaurs
  A gnoll sergeant (D:8)
  2 scorpions
  A wyvern skeleton (D:7)
  2 water moccasin skeletons
  2 centaur zombies
  A hound (D:4)
  3 orc priests
  Ijyb (D:4)
  Natasha (D:2)
  4 orc wizards
  A hound skeleton (D:4)
  A howler monkey skeleton (D:5)
  6 adders
  9 gnolls
  A white imp (D:8)
  An ufetubus (D:6)
  An adder zombie (D:5)
  An adder skeleton (D:5)
  3 worms
  6 dart slugs
  25 orcs
  6 bats
  7 endoplasms
  6 giant cockroaches
  3 goblins
  11 hobgoblins
  7 kobolds
  7 quokkas
  4 ball pythons
  4 frilled lizards
  A quokka skeleton (D:4)
  5 rats
157 creatures vanquished.

Vanquished Creatures (others)
  2 fungi (D:1)
  A plant (D:1)
3 creatures vanquished.

Grand Total: 160 creatures vanquished

Notes
Turn   | Place    | Note
-------+----------+-------------------------------------------
     0 | D:1      | lonewolfV2 the Draconian Berserker began the quest for the
                  | Orb.
     0 | D:1      | Reached XP level 1. HP: 19/19 MP: 1/1
   271 | D:1      | Reached XP level 2. HP: 23/26 MP: 2/2
   860 | D:1      | Found a faded altar of an unknown god.
   992 | D:1      | Reached XP level 3. HP: 31/33 MP: 3/3
  1333 | D:1      | Found Onenusoa's Antique Weapon Boutique.
  1446 | D:2      | Identified a scroll of acquirement
  1446 | D:2      | Acquired 902 gold pieces
  1573 | D:1      | Bought a runed great sword for 294 gold pieces
  1573 | D:1      | Bought a crude spear for 248 gold pieces
  1573 | D:1      | Identified the +4 spear of Division {chaos, Dex+4} (You
                  | bought it in a shop on level 1 of the Dungeon)
  1936 | D:2      | Reached ** piety under Trog
  2085 | D:2      | Found a hazy altar of Hepliaklqana.
  2148 | D:2      | Noticed Natasha
  2153 | D:2      | Killed Natasha
  2154 | D:2      | Reached XP level 4. HP: 40/40 MP: 4/4
  2293 | D:3      | Noticed Pargi
  2313 | D:3      | Killed Pargi
  2314 | D:3      | Reached skill level 1 in Long Blades
  2314 | D:3      | Reached XP level 5. HP: 34/46 MP: 5/5
  2517 | D:3      | Noticed Sigmund
  2525 | D:3      | Killed Sigmund
  2526 | D:3      | Reached skill level 1 in Stealth
  2526 | D:3      | Reached XP level 6. HP: 38/52 MP: 6/6
  2868 | D:3      | Reached skill level 1 in Polearms
  3145 | D:4      | Noticed Ijyb
  3169 | D:4      | Reached *** piety under Trog
  3170 | D:4      | Killed Ijyb
  3568 | D:4      | Reached skill level 2 in Polearms
  3736 | D:4      | Found a burning altar of Makhleb.
  3747 | D:4      | Your scales start taking on a glossy black colour.
  3747 | D:4      | Reached XP level 7. HP: 58/60 MP: 7/7
  3747 | D:4      | Gained mutation: You are resistant to electric shocks.
                  | (rElec) [Black Draconian growth]
  3965 | D:5      | Entered Level 5 of the Dungeon
  4009 | D:5      | Reached skill level 3 in Polearms
  4154 | D:5      | Noticed Prince Ribbit
  4170 | D:5      | Killed Prince Ribbit
  4171 | D:5      | Reached skill level 4 in Polearms
  4280 | D:5      | Noticed Menkaure
  4285 | D:5      | Killed Menkaure
  4286 | D:5      | Reached skill level 5 in Fighting
  4298 | D:5      | Reached XP level 8. HP: 59/68 MP: 8/8
  4423 | D:5      | Reached skill level 5 in Polearms
  4614 | D:5      | Reached skill level 5 in Dodging
  4642 | D:5      | HP: 2/69 [bounced beam (12)]
  4643 | D:5      | Reached skill level 6 in Polearms
  5039 | D:5      | Found a transporter.
  5068 | D:5      | Found a transporter.
  5294 | D:6      | Found a staircase to the Ecumenical Temple.
  5508 | D:6      | Reached **** piety under Trog
  5730 | D:6      | Noticed ytrimaz's ghost (amateur OpTm)
  5731 | D:6      | Found a transporter.
  5733 | D:6      | Found a transporter.
  5734 | D:6      | Identified the +2 giant club of Desperation {elec, Int+4
                  | Dex+10}
  5734 | D:6      | Noticed a two-headed ogre
  6187 | D:7      | Found a sparkling altar of Nemelex Xobeh.
  6367 | D:7      | Found Pati Moz's Distillery.
  6372 | D:7      | Bought a potion of curing for 33 gold pieces
  6372 | D:7      | Bought a potion of curing for 33 gold pieces
  6511 | D:8      | Reached skill level 7 in Polearms
  6822 | D:8      | Reached XP level 9. HP: 74/75 MP: 9/9
  7352 | D:8      | Noticed Erica
  7374 | D:8      | Killed Erica
  7795 | D:9      | Noticed Grum
  7803 | D:9      | Reached skill level 5 in Stealth
  7804 | D:9      | Noticed a cyclops
  7817 | D:9      | Killed Grum
  7823 | D:9      | Reached skill level 8 in Polearms
  7832 | D:9      | Killed a cyclops
  7998 | D:9      | Noticed Maurice
  8330 | D:9      | Reached XP level 10. HP: 86/86 MP: 10/10
  8344 | D:9      | Killed Maurice
  8344 | D:9      | Noticed Psyche
  8363 | D:9      | Cast into level 1 of the Abyss (Psyche)
  8402 | Abyss:1  | Found a corrupted altar of Lugonu.
  8417 | Abyss:1  | Noticed a Hell Sentinel
  8425 | Abyss:1  | Mangled by a Hell Sentinel

Illustrated notes

Levels and vault maps discovered:
D:1:      minmay_arrival_open_corners, layout_basic,
          dreamdust_ecumenical_altar_hidden_monk_grotto, serial_shops,
          nicolae_lakefront_shop, minmay_small_reverse_x
D:2:      layout_rooms, basic_altar, uniq_natasha
D:3:      layout_loops_ring, uniq_pargi, uniq_sigmund
D:4:      layout_rooms, makhleb_blood_cavern_becter, glass_columns_b, uniq_ijyb
D:5:      gammafunk_cloud_chamber, layout_basic, uniq_menkaure,
          uniq_prince_ribbit1
D:6:      layout_loops_ring, minmay_temple_entry_hall, gammafunk_ghost_smash
D:7:      layout_loops_cross, nemelex_dance_club_becter, serial_shops,
          nicolae_shop_trees
D:8:      layout_cave_pools, uniq_erica
D:9:      layout_basic, uniq_psyche, uniq_maurice, uniq_grum
Abyss:1:  base:
Temple

Skill      XL: |  1  2  3  4  5  6  7  8  9 |
---------------+----------------------------+-----
Dodging        | 3 4 5 6 |  6.6
Fighting       | 4 5 7 |  7.4
Long Blades    | 1 2 |  2.8
Axes           | 4 |  4.2
Stealth        | 1 2 4 5 |  5.8
Polearms       | 2 4 7 8 |  8.8
Short Blades   | |  0.4

Action                   |  1- 3 |  4- 6 |  7- 9 | 10-12 || total
-------------------------+-------+-------+-------+-------++-------
Melee: Hand axe          |    62 |       |       |       ||    62
       Tailslap          |    20 |    16 |    60 |     4 ||   100
       Great sword       |    19 |       |       |       ||    19
       Short sword       |    13 |       |       |       ||    13
       Spear             |     7 |   122 |   248 |    17 ||   394
Invok: Berserk           |       |       |     3 |     1 ||     4
       Trog's Hand       |       |       |     2 |       ||     2
 Abil: Breathe Lightning |       |       |     4 |       ||     4
  Use: Scroll            |     5 |       |     8 |       ||    13
       Potion            |       |     5 |    13 |       ||    18
 Stab: Distracted        |       |     1 |     1 |       ||     2
       Sleeping          |       |     4 |     9 |       ||    13
       Confused          |       |       |     4 |     1 ||     5
Armor: Skin              |    37 |    43 |    50 |     2 ||   132
Dodge: Dodged            |    86 |    87 |   181 |    10 ||   364

Table legend: (Time is in decaauts)
 A = Elapsed time spent in this place.
 B = Non-inter-level travel time spent in this place.
 C = Inter-level travel time spent in this place.
 D = Time resting spent in this place.
 E = Time spent auto-exploring this place.
 F = Levels seen in this place.
 G = Mean time per level.
                   A        B        C        D        E       F      G
               +--------+--------+--------+--------+--------+-----+--------+
         Total |   8427 |   8213 |    214 |   1971 |   4429 |  10 |  842.7 |
       Dungeon |   8365 |   8151 |    214 |   1937 |   4429 |   9 |  929.4 |
         Abyss |     62 |     62 |      0 |     34 |      0 |   1 |   62.0 |
               +--------+--------+--------+--------+--------+-----+--------+

Top non-repeatable levels by time:
     D:1: 1570 daAuts
     D:5: 1279 daAuts
     D:8: 1226 daAuts
     D:4: 873 daAuts
     D:3: 851 daAuts
     D:2: 701 daAuts
     D:6: 663 daAuts
     D:9: 624 daAuts
     D:7: 574 daAuts
 Abyss:1: 62 daAuts
